 Dungeon Crawl Stone Soup version 0.23.2 (webtiles) character file.

Game seed: 14819780431701401789

11 Illumine the Vexing (level 2, -1/15 HPs)
             Began as a Deep Elf Enchanter on Oct 17, 2019.
             Slain by a dart slug (3 damage)
             ... on level 1 of the Dungeon.
             The game lasted 00:02:45 (953 turns).

Illumine the Vexing (Deep Elf Enchanter)             Turns: 953, Time: 00:02:46

Health: -1/15      AC:  2    Str:  5    XL:     2   Next: 13%
Magic:  0/8        EV: 13    Int: 19    God:
Gold:   35         SH:  0    Dex: 15    Spells: 4/7 levels left

rFire    . . .     SeeInvis .   a - +1 dagger
rCold    . . .     Gourm    .   (no shield)
rNeg     . . .     Faith    .   b - +0 robe
rPois    .         Spirit   .   (no helmet)
rElec    .         Reflect  .   (no cloak)
rCorr    .         Harm     .   (no gloves)
MR       .....                  (no boots)
Stlth    ++........             (no amulet)
HPRegen  0.05/turn              (no ring)
MPRegen  0.11/turn              (no ring)

@: very slightly contaminated
A: no striking features
a: no special abilities


You were on level 1 of the Dungeon.
You were not hungry.

You visited 1 branch of the dungeon, and saw 1 of its levels.

You collected 35 gold pieces.

Inventory:

Hand Weapons
 a - a +1 dagger (weapon)
Missiles
 c - 6 javelins (quivered)
 i - 21 stones
Armour
 b - a +0 robe (worn)
Scrolls
 e - a scroll of fear {unknown}
 f - a scroll of identify {unknown}
 h - a scroll of enchant armour {unknown}
 k - a scroll of noise {unknown}
 l - a scroll of fog {unknown}
Potions
 g - a potion of might {unknown}
 j - a potion of agility {unknown}
Comestibles
 d - 3 rations


   Skills:
 - Level 1.0 Short Blades
 + Level 2.8 Dodging
 - Level 3.6 Stealth
 + Level 3.3 Spellcasting
 + Level 4.3 Hexes


You had 4 spell levels left.
You knew the following spells:

 Your Spells              Type           Power        Failure   Level  Hunger
a - Corona                Hex            ###....      2%          1    None
b - Ensorcelled Hibernat  Hex/Ice        ##....       9%          2    ##.....

Your spell library contained the following spells:

 Spells                   Type           Power        Failure   Level  Hunger
 Confuse                  Hex            ###.....     8%          3    ###....
 Tukima's Dance           Hex            ###.....     8%          3    ###....
 Dazzling Spray           Conj/Hex       ##....       19%         3    ###....


Dungeon Overview and Level Annotations

Branches:
Dungeon (1/15)

Altars:


Message History

The hobgoblin hits you.
* * * LOW HITPOINT WARNING * * *
Casting: Ensorcelled Hibernation (safe; 10% risk of failure)
Confirm with . or Enter, or press ? or * to list all spells.
Aiming: Ensorcelled Hibernation (safe; 10% risk of failure)
Press: ? - help, Shift-Dir - straight line, f/p - hobgoblin
Aim: a hobgoblin (severely wounded, softly glowing, chance to defeat MR: 60%)
The hobgoblin looks drowsy...
The helpless hobgoblin fails to defend itself.
You puncture the hobgoblin!
You kill the hobgoblin!
Casting: Ensorcelled Hibernation (safe; 9% risk of failure)
Confirm with . or Enter, or press ? or * to list all spells.
Aiming: Ensorcelled Hibernation (safe; 9% risk of failure)
Press: ? - help, Shift-Dir - straight line, f - dart slug
Aim: a dart slug (clinging, chance to defeat MR: 60%)
You miscast Ensorcelled Hibernation.
You are very lightly contaminated with residual magic.
Nothing appears to happen.
The dart slug bites you.
You die...

......... #...
########....w... #..⌠
#.............# ##..
#........)....# ###
#............# .#
#...!........# .#
#..[..g......##.#
#########.......#######
#..@w........##...#.
#............#..⌠...
####............#.....#
#...............##...##
#...............######
#...............#######
####...................
#.........####......
#####.........# #......


You could see a dart slug.

Vanquished Creatures
  2 goblins (D:1)
  A hobgoblin (D:1)
  3 jackals (D:1)
  A bat (D:1)
  A frilled lizard (D:1)
  2 rats (D:1)
10 creatures vanquished.

Notes
Turn   | Place    | Note
-------+----------+-------------------------------------------
     0 | D:1      | Illumine the Deep Elf Enchanter began the quest for the
                  | Orb.
     0 | D:1      | Reached XP level 1. HP: 10/10 MP: 6/6
   870 | D:1      | Reached XP level 2. HP: 15/15 MP: 8/8
   914 | D:1      | Learned a level 2 spell: Ensorcelled Hibernation
   953 | D:1      | Slain by a dart slug

Action                   || total
-------------------------++-------
Melee: Dagger            ||    23
Throw: Javelin           ||     9
 Cast: Corona            ||     8
       Ensorcelled Hiber ||     3
 Stab: Sleeping          ||     2
Armor: Robe              ||     4
Dodge: Dodged            ||    25
